 Dungeon Crawl Stone Soup version 0.16.1-11-g651b585 (webtiles) character file.

203 Radiman the Digger (level 5, -8/28 HPs)
             Began as a Gargoyle Earth Elementalist on Apr 4, 2015.
             Mangled by Prince Ribbit (14 damage)
             ... on level 4 of the Dungeon on Apr 6, 2015.
             The game lasted 00:22:06 (4804 turns).

Radiman the Digger (Gargoyle Earth Elementalist)    Turns: 4804, Time: 00:22:07

Health: -8/28      AC:  6    Str: 11    XL:     5   Next: 81%
Magic:  10/11      EV: 17    Int: 16    God:
Gold:   165        SH:  0    Dex: 11    Spells: 3 memorised, 4 levels left

rFire  . . .     SeeInvis .     m - +0 flail
rCold  . . .     Clarity  .     c - +0 robe
rNeg   + . .     SustAb   .     (no shield)
rPois  ∞         Gourm    .     (no helmet)
rElec  +         Spirit   .     (no cloak)
rCorr  .         Warding  .     (no gloves)
rMut   .         Stasis   .     (no boots)
MR     .....                    (no amulet)
Stlth  ++........               (no ring)
                                k - +5 ring of evasion

@: not resistant to hostile enchantments, unstealthy
A: negative energy resistance 1, electricity resistance, unbreathing,
petrification resistance, rot immunity, AC +4
a: no special abilities


You were on level 4 of the Dungeon.
You were hungry.

You visited 1 branch of the dungeon, and saw 4 of its levels.

You collected 165 gold pieces.

Inventory:

Hand weapons
 m - a +0 flail (weapon)
Missiles
 b - 90 stones (quivered)
Armour
 c - a +0 robe (worn)
Jewellery
 k - a +5 ring of evasion (left hand)
Magical devices
 n - a wand of fireball (7)
Scrolls
 e - 2 scrolls of remove curse {unknown}
 l - a scroll of enchant armour {unknown}
Potions
 g - 2 potions of ambrosia {unknown}
 h - 4 potions of brilliance {unknown}
 j - a potion of resistance {unknown}
 o - 2 potions of curing {unknown}
Books
 d - a book of Geomancy

   Spells                             Type                      Level
   a - Sandblast                      Earth                        1
   b - Stoneskin                      Transmutation/Earth          2
   c - Passwall                       Transmutation/Earth          3
   d - Stone Arrow                    Conjuration/Earth            3
   e - Petrify                        Transmutation/Earth          4
   f - Lee's Rapid Deconstruction     Earth                        5
Comestibles
 a - 2 bread rations
 f - 2 meat rations
 i - a royal jelly


   Skills:
 - Level 1.5 Dodging
 - Level 2.1 Stealth
 * Level 3.4 Spellcasting
 * Level 2.5 Conjurations
 - Level 0.7 Transmutations
 + Level 5.7 Earth Magic


You had 4 spell levels left.
You knew the following spells:

 Your Spells              Type           Power        Failure   Level  Hunger
a - Sandblast             Erth           ###...       1%          1    None
b - Stoneskin             Trmt/Erth      ##......     10%         2    ##.....
c - Stone Arrow           Conj/Erth      ###...       12%         3    ###....


Dungeon Overview and Level Annotations

Branches:
Dungeon (4/15)
 Temple: D:4-7

Altars:
Cheibriados
Fedhas
Okawaru
Trog
The Shining One

Annotations:
D:2 Sigmund
D:4 Prince Ribbit


Innate Abilities, Weirdness & Mutations

You are resistant to torment.
You are immune to poison.
Your stone body is very resilient (AC +4).
You resist negative energy.
You are resistant to electric shocks.
You can survive without breathing.
You are immune to petrification.
You are immune to rotting.


Message History

You are feeling hungry.
Prince Ribbit lets out a mournful croak.
Prince Ribbit asks, "Just a little smooch?"
The walls and floor vibrate strangely for a moment.
Prince Ribbit hits you!
Casting: Sandblast
Confirm with . or Enter, or press ? or * to list all spells.
Aiming: Sandblast
Press: ? - help, Shift-Dir - straight line, f - Prince Ribbit
Aim: Prince Ribbit The blast of sand hits Prince Ribbit.
Prince Ribbit is lightly wounded.
Prince Ribbit completely misses you. Prince Ribbit misses you.
Prince Ribbit hits you!
Ouch! That really hurt!
* * * LOW HITPOINT WARNING * * *
Prince Ribbit hits you!
Ouch! That really hurt!
You die...

#....†##....##...F#..#
#.................F..#
#........?......#.##.#
#..##......#.#.##.##.#
#.. ######.#.#....##.#
... #...#...#####F#
#.. .#.....#.....# #>
#.#.#...#.##### #
#.#...#@# #.#.#>#F#
#.#.#.# #
#####.#.#.#.#
#...........#
#.###.#.#.........
#.#.######### ..#.#
.###.#


You could see Prince Ribbit.

Vanquished Creatures
  Robin (D:3)
  6 adders
  A giant mite (D:3)
  A white imp (D:4)
  A worm (D:3)
  2 oozes (D:3)
  7 orcs
  3 giant cockroaches
  19 goblins
  14 hobgoblins
  8 jackals
  5 kobolds
  A quokka (D:3)
  2 ball pythons (D:3)
  14 bats
  2 giant geckos (D:3)
  3 giant newts (D:1)
  A goblin zombie (D:4)
  A hobgoblin zombie (D:4)
  A kobold skeleton (D:4)
  A kobold zombie (D:4)
  2 orc skeletons (D:4)
  4 orc zombies (D:4)
  14 rats
114 creatures vanquished.

Notes
Turn   | Place    | Note
--------------------------------------------------------------
     0 | D:1      | Radiman, the Gargoyle Earth Elementalist, began the quest for the Orb.
     0 | D:1      | Reached XP level 1. HP: 10/10 MP: 3/3
   203 | D:1      | Reached skill level 4 in Earth Magic
   268 | D:1      | Reached XP level 2. HP: 10/15 MP: 0/4
   918 | D:1      | Reached XP level 3. HP: 19/19 MP: 4/6
   932 | D:1      | Reached skill level 5 in Earth Magic
  1668 | D:2      | Found a snail-covered altar of Cheibriados.
  1732 | D:2      | Learned a level 2 spell: Stoneskin
  1736 | D:2      | Learned a level 3 spell: Stone Arrow
  1784 | D:2      | Reached XP level 4. HP: 24/24 MP: 4/8
  1877 | D:2      | Found a blossoming altar of Fedhas.
  2007 | D:2      | Noticed Sigmund
  2370 | D:3      | Reached skill level 1 in Conjurations
  3177 | D:3      | Reached XP level 5. HP: 28/28 MP: 0/11
  3743 | D:3      | Found an iron altar of Okawaru.
  3743 | D:3      | Found a bloodstained altar of Trog.
  4267 | D:4      | Noticed Robin
  4314 | D:3      | Killed Robin
  4519 | D:4      | Found a glowing golden altar of the Shining One.
  4773 | D:4      | Noticed Prince Ribbit
  4804 | D:4      | Mangled by Prince Ribbit

Action                   |  1- 3 |  4- 6 || total
-------------------------+-------+-------++-------
Melee: Unarmed           |    38 |    13 ||    51
       Flail             |       |    11 ||    11
 Cast: Sandblast         |    72 |   178 ||   250
  Eat: Chunk             |     4 |     9 ||    13
